 Dungeon Crawl Stone Soup version 0.17-a0-2055-gb4e23be (webtiles) character file.

68 Jackolantern the Sneak (level 4, 0/23 HPs)
             Began as a Spriggan Assassin on Oct 12, 2015.
             Was an Initiate of Dithmenos.
             Succumbed to a goblin's poison
             ... on level 3 of the Dungeon.
             The game lasted 00:05:58 (2396 turns).

Jackolantern the Sneak (Spriggan Assassin)          Turns: 2396, Time: 00:05:58

Health: 0/23       AC:  3    Str:  7    XL:     4   Next: 1%
Magic:  5/5        EV: 18    Int: 12    God:    Dithmenos [......]
Gold:   71         SH:  0    Dex: 18    Spells: 0 memorised, 3 levels left

rFire  . . .     SeeInvis +     a - +2 dagger
rCold  . . .     Clarity  .     c - +0 robe
rNeg   . . .     SustAt   .     (shield restricted)
rPois  .         Gourm    .     (helmet restricted)
rElec  .         Spirit   .     d - +0 cloak
rCorr  .         Warding  .     (gloves unavailable)
rMut   .         Stasis   .     (boots unavailable)
MR     .....                    (no amulet)
Stlth  ++++......               (no ring)
                                (no ring)

@: lethally poisoned (0 -> -29), very quick, not resistant to hostile
enchantments, stealthy
A: unfitting armour, see invisible, herbivore 3, speed 3, slow metabolism 2
a: Renounce Religion


You were on level 3 of the Dungeon.
You worshipped Dithmenos.
Dithmenos was noncommittal.
You were not hungry.

You visited 1 branch of the dungeon, and saw 3 of its levels.

You collected 71 gold pieces.

Inventory:

Hand Weapons
 a - a +2 dagger (weapon)
 b - a +0 blowgun
Missiles
 e - 20 poisoned needles
 f - 2 curare-tipped needles
Armour
 c - a +0 robe (worn)
 d - a +0 cloak (worn)
Scrolls
 k - a scroll of identify {unknown}
 l - a scroll of random uselessness {unknown}
Potions
 h - a potion of resistance {unknown}
 i - a potion of might {unknown}
 j - a potion of invisibility {unknown}
Comestibles
 g - a bread ration


   Skills:
 + Level 1.9 Fighting
 + Level 2.3 Short Blades
 + Level 2.1 Throwing
 + Level 2.6 Dodging
 * Level 7.6 Stealth


You had 3 spell levels left.
You didn't know any spells.

Dungeon Overview and Level Annotations

Branches:
Dungeon (3/15)

Altars:
Dithmenos
Elyvilon
Gozag
Makhleb


Innate Abilities, Weirdness & Mutations

You are tiny and cannot use many weapons and most armour.
You have supernaturally acute eyesight.
You are a herbivore.
You cover ground extremely quickly.
You need consume almost no food.


Message History

The hobgoblin hits you but does no damage.
You climb upwards.
You feel sick.
There is a stone staircase leading down here.
You hit the hobgoblin.
The hobgoblin is heavily wounded.
You feel sick. The goblin hits you. The goblin hits you but does no damage.
You are more poisoned.
You hit the hobgoblin.
The hobgoblin is severely wounded.
You feel sick. The hobgoblin hits you with a club.
The goblin closely misses you.
The goblin hits you with a dagger of venom.
* * * LOW HITPOINT WARNING * * *
You are more poisoned.
* * * LOW HITPOINT WARNING * * *
You feel sick. The hobgoblin closely misses you. The goblin hits you.
* * * LOW HITPOINT WARNING * * *
The goblin closely misses you.
You climb downwards.
You die...

..#.............#
................#
.............)..#
...............##
...............#
.......<.......#########
.......................#
....................[..#
###########...@g.......#
#..g.g...)...#
#........(.[(#
#..........(.#
#............#
##.......gg...#
#.............#
#..........(..#
##.............#


You could see a hobgoblin and 4 goblins.

Vanquished Creatures
  Robin (D:3)
  An ooze (D:1)
  2 orcs (D:3)
  A giant cockroach (D:3)
  13 goblins
  6 hobgoblins
  6 jackals
  3 kobolds
  A quokka (D:2)
  3 bats
  5 giant newts
  4 rats
46 creatures vanquished.

Notes
Turn   | Place    | Note
--------------------------------------------------------------
     0 | D:1      | Jackolantern the Spriggan Assassin began the quest for the Orb.
     0 | D:1      | Reached XP level 1. HP: 10/10 MP: 2/2
     0 | D:1      | Noticed a formicid zombie
     1 | D:1      | Noticed an elf skeleton
     5 | D:1      | Noticed an octopode
     6 | D:1      | Noticed a formicid zombie
     7 | D:1      | Noticed a troll
     8 | D:1      | Noticed a gargoyle
    12 | D:1      | Noticed an elf
    14 | D:1      | Noticed a centaur zombie
    14 | D:1      | Noticed a spriggan skeleton
    14 | D:1      | Noticed a spriggan
    16 | D:1      | Noticed a human zombie
    18 | D:1      | Noticed a vine stalker zombie
    18 | D:1      | Noticed a troll zombie
   102 | D:1      | Reached skill level 6 in Stealth
   365 | D:1      | Reached XP level 2. HP: 2/15 MP: 3/3
   953 | D:2      | Found a shadowy altar of Dithmenos.
   990 | D:2      | Reached skill level 7 in Stealth
  1047 | D:2      | Found an opulent altar of Gozag.
  1050 | D:2      | Found a burning altar of Makhleb.
  1073 | D:2      | Reached XP level 3. HP: 8/18 MP: 4/4
  1582 | D:2      | Became a worshipper of Dithmenos the Shadowed
  1638 | D:3      | Found a white marble altar of Elyvilon.
  2048 | D:3      | Noticed Robin
  2143 | D:3      | Killed Robin
  2143 | D:3      | Reached XP level 4. HP: 10/23 MP: 5/5
  2396 | D:3      | Succumbed to a goblin's poison

Vault maps used:
D:1:      shiori_arrival_whats_in_store_for_you, serial_glass, glass_columns_a,
          glass_columns_a
D:2:      overflow_temple_1_default, nicolae_overflow_hidden_temple,
          overflow_temple_1_default, minmay_door_square, tgw_kikubaaqudgha
D:3:      kennysheep_goblin_castle, grunt_ministairs_13, elyvilon_altar_5

Action                   |  1- 3 |  4- 6 || total
-------------------------+-------+-------++-------
Melee: Dagger            |   148 |     2 ||   150
 Fire: Blowgun           |     4 |       ||     4
 Stab: Sleeping          |     7 |       ||     7
